 Dungeon Crawl Stone Soup version 0.19-a0-1111-gcceb26a (webtiles) character file.

6274 4thArraOfDagon the Grappler (level 10, 0/83 HPs)
             Began as a Troll Arcane Marksman on Aug 10, 2016.
             Was a Believer of Ashenzari.
             Slain by a vampire mosquito (3 damage)
             ... on level 12 of the Dungeon.
             The game lasted 00:22:06 (4400 turns).

4thArraOfDagon the Grappler (Troll Arcane Marksman) Turns: 4400, Time: 00:22:07

Health: 0/83       AC:  7    Str: 22 (23) XL:     10   Next: 63%
Magic:  10/10      EV: 16    Int: 11 (12) God:    Ashenzari [**....]
Gold:   230        SH: 13    Dex: 24      Spells: 2 memorised, 5 levels left

rFire  + + .     SeeInvis .       - Unarmed
rCold  . . .     Gourm    +     l - +0 robe {rN+}
rNeg   + . .     Faith    .     r - +0 shield (curse)
rPois  .         Spirit   .     A - +2 hat
rElec  .         Dismiss  .     (no cloak)
rCorr  .         Reflect  .     (gloves unavailable)
SustAt .         Harm     .     (boots unavailable)
MR     ++...                    G - amulet "Qulaelye" {Gourm rF+ Dex+4}
Stlth  +++.......               w - ring of protection from fire (curse)
                                p - ring of Mucigisu {MR+ Dex+6}

@: agile
A: unfitting armour, claws 3, deterioration 1, fast metabolism 3, gourmand,
magic resistance 1, regeneration 2, screaming 1, shaggy fur 1, strong 1, tough
skin 2
a: Curse Item, Scrying, Renounce Religion


You were on level 12 of the Dungeon.
You worshipped Ashenzari.
Ashenzari was pleased with you.
You were very full.

You visited 2 branches of the dungeon, and saw 13 of its levels.
You also visited: Ossuary.

You collected 413 gold pieces.
You spent 183 gold pieces at shops.

Inventory:

Hand Weapons
 v - a +3 scimitar of flaming
Missiles
 c - 4 large rocks (quivered)
Armour
 a - a +0 robe
 l - a +0 robe of positive energy (worn)
 r - a cursed +0 shield (worn)
 A - a +2 hat (worn)
Magical Staves
 K - an uncursed staff of wizardry {!a}
Jewellery
 k - an uncursed ring of ice
 p - the ring of Mucigisu (left claw) {MR+ Dex+6}
   (You found it on level 11 of the Dungeon)

   [ring of protection from magic]

   It affects your dexterity (+6).
   It affects your resistance to hostile enchantments.
 q - an uncursed ring of wizardry
 w - a cursed ring of protection from fire (right claw)
 y - an uncursed ring of wizardry
 G - the amulet "Qulaelye" (around neck) {Gourm rF+ Dex+4}
   (You found it on level 11 of the Dungeon)

   [amulet of the gourmand]

   It allows you to eat raw meat even when not hungry.
   It affects your dexterity (+4).
   It protects you from fire.
 J - a +3 ring of dexterity
Wands
 d - a wand of iceblast (3/15)
Scrolls
 e - 2 scrolls of remove curse
 g - 2 scrolls of fog
 m - 5 scrolls of teleportation
 s - a scroll of amnesia
 x - a scroll of noise
 C - a scroll of recharging
 D - a scroll of immolation {unknown}
 I - a scroll of magic mapping {unknown}
Potions
 h - 2 potions of brilliance {unknown}
 i - a potion of magic {unknown}
 j - 2 potions of degeneration
 n - 2 potions of curing
 o - 3 potions of beneficial mutation {unknown}
 t - a potion of invisibility
 u - 2 potions of cancellation
 z - a potion of lignification {unknown}
 E - a potion of mutation {unknown}
 F - a potion of ambrosia {unknown}
Books
 b - a book of Debilitation

   Spells                             Type                      Level
   a - Corona                         Hexes                        1
   b - Slow                           Hexes                        2
   c - Gell's Gravitas                Hexes/Translocation          3
   d - Inner Flame                    Hexes/Fire                   3
   e - Cause Fear                     Hexes                        4
   f - Leda's Liquefaction            Hexes/Earth                  4
Miscellaneous
 M - a phial of floods
Comestibles
 f - 6 bread rations
 L - a beef jerky


   Skills:
 - Level 0.7 Fighting
 - Level 1.9 Throwing
 + Level 1.8 Dodging
 * Level 8.6(10.0) Shields
 * Level 11.7 Unarmed Combat
 + Level 1.1 Spellcasting
   Level 2.3 Hexes
 * Level 0.9 Transmutations
 * Level 1.1 Earth Magic


You had 5 spell levels left.
You knew the following spells:

 Your Spells              Type           Power        Failure   Level  Hunger
a - Passage of Golubria   Tloc           N/A          100%        4    #####..
b - Passwall              Tmut/Erth      #.........   34%         2    ###....


Dungeon Overview and Level Annotations

Branches:
Dungeon (12/15)            Temple (1/1) D:5             Orc (0/2) D:9
   Lair: D:8-11

Altars:
Ashenzari
Dithmenos
Elyvilon
Fedhas
Gozag
Kikubaaqudgha
Makhleb
Nemelex Xobeh
Okawaru
Pakellas
Qazlal
Ru
Sif Muna
Trog
Uskayaw
Vehumet
Xom
Yredelemnul
Zin
The Shining One

Shops:
D:4 [=!   D:6 %   D:9 (

Annotations:
D:10 Snorg


Innate Abilities, Weirdness & Mutations

You are too large for most types of armour.
You have claws for hands.
Your metabolism is lightning-fast.
You like to eat raw meat.
You heal very quickly.
You are covered in fur. (AC +1)
You have very tough skin. (AC +2)
Your body sometimes deteriorates upon taking damage.
You are resistant to hostile enchantments. (MR+)
You occasionally shout uncontrollably at your foes.
Your muscles are strong. (Str +2)


Message History

You block the vampire mosquito's attack.
Unknown command.
Unknown command.
Unknown command.
You feel agile all of a sudden.
The vampire mosquito completely misses you.
You block the vampire mosquito's attack.
Unknown command.
You mangle the vampire mosquito!!
The vampire mosquito is almost destroyed.
The vampire mosquito bites you!
* * * LOW HITPOINT WARNING * * *
Your body deteriorates!
You feel dopey.
The vampire mosquito draws strength from your injuries!
Unknown command.
Unknown command.
You scratch the vampire mosquito but do no damage.
The vampire mosquito is almost destroyed.
The vampire mosquito bites you.
You die...

,,, #.....## , ##.....# ..*
#.....# * , ,..# #.....##
.......## #......# ,
.........# #####......# .....
....#*#..........## , .,....
#..##...........##* ,
......#####.†@............#
....##...{##y##..............
, ##...)....Z##...........##.
*#..........###..........# #
*#.........## #.........##
##........#* ##.......## * *
##........# ##....### *
##(......# #.#### ** ,
##.......# ###


You could see a vampire mosquito and a centaur warrior skeleton.

Vanquished Creatures
  A centaur warrior (D:11)
  Erica (D:9)
  A hill giant (D:11)
  A freezing wraith (D:11)
  A troll (D:11)
  Grinder (D:3)
  A two-headed ogre (D:12)
  A shadow (D:11)
  A hippogriff (D:7)
  The ghost of 4thArraOfDagon the Ruffian, an amateur TrAM (D:5)
  4 yaks (D:11)
  3 hungry ghosts
  3 vampire mosquitoes (D:12)
  3 orc warriors
  3 sky beasts
  3 ogres
  A big kobold (D:10)
  An elf zombie (Ossuary)
  2 scorpions
  4 wights
  A howler monkey (D:9)
  A crimson imp (D:10)
  A hound (D:4)
  2 human zombies (Ossuary)
  4 centaur skeletons
  A jelly (D:7)
  A giant frog skeleton (D:7)
  3 orc priests
  An iguana (D:7)
  An orc wizard (D:11)
  4 worker ants
  4 mummies (Ossuary)
  A worker ant zombie (D:11)
  2 adders
  An adder zombie (D:9)
  3 giant geckos
  13 orcs
  A ball python (D:3)
  3 bats
  4 giant cockroaches
  5 goblins
  6 hobgoblins
  8 jackals
  4 quokkas
  2 giant newts
  A hobgoblin zombie (Ossuary)
  2 jackal zombies (Ossuary)
  6 kobolds
  4 kobold zombies
  2 orc zombies (Ossuary)
  6 rats
  A rat zombie (Ossuary)
136 creatures vanquished.

Vanquished Creatures (others)
  A centaur zombie (D:11)
  A giant frog skeleton (D:11)
2 creatures vanquished.

Grand Total: 138 creatures vanquished

Notes
Turn   | Place    | Note
-------+----------+-------------------------------------------
     0 | D:1      | 4thArraOfDagon the Troll Arcane Marksman began the quest for the Orb.
     0 | D:1      | Reached XP level 1. HP: 18/18 MP: 1/1
    82 | D:1      | Reached XP level 2. HP: 24/26 MP: 2/2
   220 | D:3      | Noticed Grinder
   237 | D:3      | Killed Grinder
   237 | D:3      | Reached skill level 4 in Unarmed Combat
   237 | D:3      | Reached XP level 3. HP: 23/32 MP: 3/3
   237 | D:3      | Reached XP level 4. HP: 28/40 MP: 4/4
   237 | D:3      | Reached XP level 5. HP: 33/46 MP: 5/5
   246 | D:3      | Found an ancient bone altar of Kikubaaqudgha.
   432 | D:4      | Found Celeuw's Antique Armour Shop.
   440 | D:4      | Bought a runed robe for 19 gold pieces
   476 | D:4      | Reached skill level 5 in Unarmed Combat
   601 | D:5      | Entered Level 5 of the Dungeon
   608 | D:5      | Reached XP level 6. HP: 54/54 MP: 6/6
   625 | D:5      | Noticed 4thArraOfDagon's ghost (amateur TrAM)
   639 | D:4      | Found Homiset's Distillery.
   649 | D:4      | Bought a potion of curing for 39 gold pieces
   649 | D:4      | Bought a potion of degeneration for 13 gold pieces
   777 | D:5      | Reached skill level 6 in Unarmed Combat
   820 | D:5      | Found a staircase to the Ecumenical Temple.
   826 | Temple   | Entered the Ecumenical Temple
   861 | Temple   | Became a worshipper of Ashenzari the Shackled
   928 | D:4      | Found Siosaneot's Jewellery Shoppe.
  1483 | D:5      | Killed 4thArraOfDagon's ghost
  1483 | D:5      | Reached skill level 1 in Shields
  1483 | D:5      | Reached XP level 7. HP: 22/61 MP: 7/7
  1553 | D:6      | Reached * piety under Ashenzari
  1557 | D:6      | Reached skill level 7 in Unarmed Combat
  1588 | D:6      | Found Savaigam's Food Shoppe.
  1653 | D:6      | Gained mutation: Your body sometimes deteriorates upon taking damage. [mutagenic meat]
  1656 | D:6      | Gained mutation: You are resistant to hostile enchantments. (MR+) [mutagenic meat]
  1662 | D:6      | Gained mutation: You have a pair of small horns on your head. [mutagenic meat]
  1665 | D:6      | Gained mutation: Your muscles are strong. (Str +2) [mutagenic meat]
  1668 | D:6      | Gained mutation: You occasionally shout uncontrollably at your foes. [mutagenic meat]
  1865 | D:7      | Reached XP level 8. HP: 52/68 MP: 8/8
  2065 | D:4      | Bought a runed hat for 112 gold pieces
  2169 | D:7      | Reached skill level 8 in Unarmed Combat
  2187 | D:7      | Noticed a troll
  2509 | D:8      | Found a sand-covered staircase.
  2521 | Ossuary  | Entered an ossuary
  2521 | Ossuary  | Reached ** piety under Ashenzari
  2730 | D:8      | jacquesderrida: eee...
  3027 | D:9      | Found Tejiudob's Weapon Emporium.
  3054 | D:9      | Noticed Erica
  3085 | D:9      | Reached skill level 5 in Shields
  3085 | D:9      | Reached skill level 9 in Unarmed Combat
  3118 | D:9      | 4thArraOfDagon: re
  3178 | D:9      | Killed Erica
  3178 | D:9      | Reached XP level 9. HP: 21/75 MP: 9/9
  3313 | D:10     | Entered Level 10 of the Dungeon
  3518 | D:9      | Reached skill level 10 in Unarmed Combat
  3587 | D:10     | Lost mutation: You have a pair of small horns on your head. [mutagenic meat]
  3654 | D:10     | Noticed Snorg
  3867 | D:11     | Reached XP level 10. HP: 74/83 MP: 10/10
  3929 | D:11     | HP: 1/83 [freezing wraith (12)]
  3931 | D:11     | Reached skill level 11 in Unarmed Combat
  4036 | D:11     | Noticed a centaur warrior
  4054 | D:11     | Killed a centaur warrior
  4109 | D:11     | Identified the ring of Mucigisu {MR+ Dex+6}
  4136 | D:11     | Identified the amulet "Qulaelye" {Gourm rF+ Dex+4}
  4243 | D:11     | Noticed a hill giant
  4248 | D:11     | Killed a hill giant
  4320 | D:11     | Learned a level 4 spell: Passage of Golubria
  4323 | D:11     | Learned a level 2 spell: Passwall
  4390 | D:12     | Reached skill level 1 in Earth Magic
  4399 | D:12     | HP: 2/83 [vampire mosquito (12)]
  4400 | D:12     | Slain by a vampire mosquito

Vault maps used:
D:1:      kennysheep_arrival_seaside
D:2:      first_bread, serial_aquarium, aquarium_bridge_square,
          aquarium_bridge_straight, aquarium_window_corridor_2,
          aquarium_window_fake, aquarium_view_2b, aquarium_view_2b,
          uniq_terence, uniq_iyjb
D:3:      lemuel_doored_altar, ecumenical_altar_1, uniq_grinder
D:4:      serial_shops, shop, nicolae_shop_temple_entry_statues_fountains,
          nicolae_shop_trees, uniq_eustachio
D:5:      lemuel_upstairs_altar
D:6:      serial_shops, nicolae_shop_statue_plus
D:8:      enter_ossuary_3
D:9:      lair_0_dummy, david_orc_4, serial_shops, shop, uniq_erica
D:10:     uniq_snorg
D:11:     serial_shops, shop_statue, hangedman_stone_soup,
          minmay_diamond_spiral, uniq_nergalle
D:12:     serial_ice, serial_ice_c, serial_ice_n, serial_ice_d, serial_ice_b,
          portal_ice_cave_entry_pillars_1
Temple:   compressed_dpeg_triangle_lava_temple
Ossuary:  ossuary_minmay_tomb_2a

Skill      XL: |  1  2  3  4  5  6  7  8  9 10 |
---------------+-------------------------------+-----
Unarmed Combat | 4 5 6 7 9 10 11 | 11.7
Shields        | 1 3 5 7 8 |  8.6
Earth Magic    | 1 |  1.1
Fighting       | |  0.7
Throwing       | |  1.9
Dodging        | |  1.8
Spellcasting   | |  1.1
Hexes          | |  2.3
Transmutations | |  0.9

Action                   |  1- 3 |  4- 6 |  7- 9 | 10-12 || total
-------------------------+-------+-------+-------+-------++-------
Melee: Unarmed           |    45 |   105 |   303 |    81 ||   534
       Punch             |       |     4 |       |       ||     4
       Headbutt          |       |       |    33 |       ||    33
Throw: Large rock        |     4 |       |    10 |     4 ||    18
       Throwing net      |     2 |     1 |       |     1 ||     4
Invok: Curse Item        |       |     1 |       |       ||     1
Evoke: Wand              |       |       |     3 |       ||     3
  Use: Scroll            |       |     1 |     9 |     1 ||    11
       Potion            |       |       |     5 |     2 ||     7
 Stab: Held in net/web   |       |     1 |       |       ||     1
  Eat: Chunk             |       |    18 |    23 |     7 ||    48
       Bread ration      |       |       |     1 |       ||     1
       Fruit             |       |       |     4 |       ||     4
       Beef jerky        |       |       |       |     2 ||     2
       Meat ration       |       |       |       |     1 ||     1
Armor: Robe              |    33 |    27 |    51 |    13 ||   124
Dodge: Dodged            |    49 |    29 |    80 |    27 ||   185
Block: Shield            |       |    16 |   112 |    43 ||   171
